 Dungeon Crawl Stone Soup version 0.28-a0-178-ga708605c5b (webtiles) character file.

Game seed: 12358740270515187966

36 willcat the Sneak (level 3, 0/26 HPs)
             Began as an Octopode Delver on Aug 17, 2021.
             Slain by an iguana (7 damage)
             ... on level 6 of the Dungeon.
             The game lasted 00:00:30 (130 turns).

willcat the Sneak (Octopode Delver)                  Turns: 130, Time: 00:00:31

Health: 0/26       AC:  1    Str: 11    XL:     3   Next: 37%
Magic:  3/3        EV: 13    Int: 12    God:
Gold:   0          SH:  0    Dex: 14    Spells: 2/2 levels left

rFire   . . .      SeeInvis .   a - +0 short sword
rCold   . . .      Faith    .   (no shield)
rNeg    . . .      Spirit   .   (helmet restricted)
rPois   .          Reflect  .   (no amulet)
rElec   .          Harm     .   (no ring)
rCorr   .          Rampage  .   (no ring)
Will    .....                   (no ring)
Stlth   ++++......              (no ring)
HPRegen 0.08/turn               (no ring)
MPRegen 0.08/turn               (no ring)
                                (no ring)
                                (no ring)

@: hasted, very quick
A: almost no armour, amphibious, 8 rings, camouflage 1, gelatinous body 1,
(nimble swimmer 1), tentacles
a: no special abilities


You were on level 6 of the Dungeon.
You visited 1 branch of the dungeon, and saw 2 of its levels.

Inventory:

Hand Weapons
 a - a +0 short sword (weapon)
Wands
 f - a wand of digging (3)
Scrolls
 b - a scroll of fog
 c - a scroll of magic mapping
 d - a scroll of fear
 g - a scroll of teleportation {unknown}


   Skills:
 - Level 3.0 Fighting
 + Level 2.6 Short Blades
 + Level 2.6 Dodging
 + Level 7.1 Stealth


You had 2 spell levels left.
You didn't know any spells.
Your spell library was empty.

Dungeon Overview and Level Annotations

Branches:
Dungeon (6/15)
 Temple: D:4-7

Altars:


Innate Abilities, Weirdness & Mutations

You cannot wear most types of armour.
You are amphibious.
You can wear up to eight rings at the same time.
Your skin changes colour to match your surroundings (Stealth+).
Your rubbery body absorbs attacks. (AC +1, EV +1)
((You are camouflaged near water. (Stealth+)))
You have tentacles for arms and can constrict up to eight enemies at once.


Message History

The iguana barely misses you.
You hit the iguana but do no damage. Your grab misses the iguana.
You hit the iguana but do no damage. You grab the iguana.
You squeeze the iguana.
The iguana is heavily wounded.
You constrict the iguana, but do no damage.
The iguana completely misses you.
You hit the iguana but do no damage.
The iguana is heavily wounded.
You constrict the iguana, but do no damage.
The iguana bites you but does no damage.
You barely miss the iguana. You squeeze the iguana!
You kill the iguana!
Your Stealth skill increases to level 7!
You have reached level 3!
Your experience leads to an increase in your attributes!
Increase (S)trength, (I)ntelligence, or (D)exterity?
You feel agile. The iguana bites you!
You see here an iguana corpse.
You barely miss the iguana. You grab the iguana.
You constrict the iguana, but do no damage.
The iguana closely misses you.
You hit the iguana.
The iguana is moderately wounded.
You constrict the iguana, but do no damage.
You hit the iguana but do no damage.
The iguana is moderately wounded.
You constrict the iguana. The iguana bites you.
You hit the iguana.
The iguana is heavily wounded.
You constrict the iguana. The iguana bites you!
* * * LOW HITPOINT WARNING * * *
You hit the iguana.
The iguana is severely wounded.
You constrict the iguana, but do no damage.
You hit the iguana but do no damage.
The iguana is severely wounded.
You constrict the iguana. The iguana bites you!
You die...

#. #.##### #.#.#.########
#.#<..........
####.####....############
#.............l@.........
#......##....############
#......##........#
#......##l.......#
##)..................
.....................
##........###........
########## #.....###
#.....#


You could see an iguana.

Vanquished Creatures
  An iguana (D:6)
  A gnoll (D:5)
  An orc (D:6)
3 creatures vanquished.

Notes
Turn   | Place    | Note
-------+----------+-------------------------------------------
     0 | D:5      | willcat the Octopode Delver began the quest for the Orb.
     0 | D:5      | Reached XP level 1. HP: 16/16 MP: 1/1
     1 | D:6      | Noticed a gnoll sergeant
     8 | D:5      | Reached XP level 2. HP: 17/21 MP: 2/2
    13 | D:5      | Noticed an ice beast
   124 | D:6      | Reached skill level 7 in Stealth
   124 | D:6      | Reached XP level 3. HP: 26/26 MP: 3/3
   130 | D:6      | Slain by an iguana

Illustrated notes

Levels and vault maps discovered:
D:5:      layout_loops_ring, minmay_temple_entry_mini_moons, serial_glass,
          glass_columns_a, glass_columns_a, glass_columns_b, glass_columns_b,
          glass_columns_b, glass_columns_b, glass_columns_a, glass_columns_c,
          glass_columns_c, glass_columns_a, uniq_crazy_yiuf_cottage
D:6:      layout_basic

Skill      XL: |  1  2 |
---------------+-------+-----
Stealth        | 7 |  7.1
Fighting       | |  3.0
Short Blades   | |  2.6
Dodging        | |  2.6

Action                   || total
-------------------------++-------
Melee: Short sword       ||    16
       Tentacles         ||     3
       Constrict         ||     3
  Use: Potion            ||     1
 Stab: Sleeping          ||     2
Armor: Skin              ||     1
Dodge: Dodged            ||     8

Table legend: (Time is in decaauts)
 A = Elapsed time spent in this place.
 B = Non-inter-level travel time spent in this place.
 C = Inter-level travel time spent in this place.
 D = Time resting spent in this place.
 E = Time spent auto-exploring this place.
 F = Levels seen in this place.
 G = Mean time per level.
                   A        B        C        D        E       F      G
               +--------+--------+--------+--------+--------+-----+--------+
         Total |    125 |    125 |      0 |     45 |      7 |   2 |   62.5 |
       Dungeon |    125 |    125 |      0 |     45 |      7 |   2 |   62.5 |
               +--------+--------+--------+--------+--------+-----+--------+

Top non-repeatable levels by time:
     D:5: 63 daAuts
     D:6: 61 daAuts
